 Dungeon Crawl Stone Soup version 0.31-a0-4-gefa6de2278 (webtiles) character file.

Game seed: 9313272955717898034

48 subawu the Grave Robber (level 3, -1/27 HPs)
             Began as a Ghoul Necromancer on May 2, 2023.
             Slain by a jackal (3 damage)
             ... on level 3 of the Dungeon on May 3, 2023.
             The game lasted 00:13:33 (2846 turns).

subawu the Grave Robber (Ghoul Necromancer)         Turns: 2846, Time: 00:13:34

Health: -1/27      AC:  4    Str: 13    XL:     3   Next: 72%
Magic:  4/4        EV: 12    Int: 10    God:
Gold:   124        SH:  0    Dex: 15    Spells: 1/5 levels left

rFire   . . .        e - +0 spear
rCold   + . .        (no shield)
rNeg    + + +        a - +0 robe
rPois   ∞            (no helmet)
rElec   .            (no cloak)
rCorr   .            l - +1 pair of gloves
SInv    .            (no boots)
Will    .....        (no amulet)
Stlth   ++           k - +6 ring of dexterity
HPRegen 0.00/turn    (no ring)
MPRegen 0.09/turn

%: no passive effects
@: inhibited regen
A: claws 1, cold resistance 1, negative energy resistance 3, inhibited
regeneration, torment resistance 2, devour on kill
a: no special abilities


You were on level 3 of the Dungeon.
You visited 1 branch of the dungeon, and saw 3 of its levels.

You collected 124 gold pieces.

Inventory:

Hand Weapons
 d - a +0 club
 e - a +0 spear (weapon)
 i - a +0 hand axe
 q - a +0 whip
 r - a +0 dagger
 s - a +0 whip
Missiles
 c - 48 stones (quivered)
Armour
 a - a +0 robe (worn)
 f - a +0 scale mail
 g - a +0 robe
 l - a +1 pair of gloves (worn)
 u - a +0 chain mail
Jewellery
 k - a +6 ring of dexterity (left hand)
Scrolls
 n - a scroll of fear {unknown}
 t - a scroll of torment {unknown}
Potions
 h - 2 potions of curing {unknown}
 j - a potion of haste {unknown}
 m - a potion of degeneration {unknown}
 o - 3 potions of heal wounds {unknown}


   Skills:
 + Level 0.7 Fighting
 + Level 1.4 Polearms
 + Level 2.0 Dodging
 + Level 2.3 Stealth
 + Level 1.8 Spellcasting
 + Level 4.5 Necromancy


You had one spell level left.
You knew the following spells:

 Your Spells              Type           Power      Damage    Failure   Level
a - Necrotise             Necr           40%        1d6       4%          1
b - Vampiric Draining     Necr           10%        2d6       14%         3

Your spell library contained the following spells:

 Spells                   Type           Power      Damage    Failure   Level
 Freeze                   Ice            0%         1d3       32%         1
 Sting                    Tmut/Pois      0%         1d3       32%         1
 Lesser Beckoning         Tloc           0%         N/A       43%         2
 Poisonous Vapours        Pois/Air       0%         N/A       43%         2
 Animate Dead             Necr           10%        N/A       43%         4
 Frozen Ramparts          Ice            0%         1d1       67%         3
 Gell's Gravitas          Tloc           0%         N/A       67%         3
 Hailstorm                Conj/Ice       0%         3d3       67%         3
 Portal Projectile        Hex/Tloc       0%         N/A       67%         3
 Teleport Other           Tloc           0%         N/A       67%         3
 Tukima's Dance           Hex            0%         N/A       67%         3
 Agony                    Necr           10%        N/A       80%         5
 Olgreb's Toxic Radiance  Pois           0%         N/A       97%         4
 Blade Hands              Tmut           Unusable   N/A       N/A         5

Dungeon Overview and Level Annotations

Branches:
Dungeon (3/15)

Altars:


Innate Abilities, Weirdness & Mutations

You are immune to poison.
You have sharp fingernails.
Your flesh is cold resistant. (rC+)
You are immune to negative energy. (rN+++)
You do not regenerate when monsters are visible.
You are immune to unholy pain and torment.
You thrive by killing the living.


Message History

You closely miss the quokka. The giant cockroach barely misses you.
The quokka barely misses you. The jackal barely misses you.
The jackal bites you but does no damage.
The giant cockroach waves its antennae.
The giant cockroach bites you but does no damage.
The quokka barely misses you. The jackal bites you.
You hit the quokka.
The quokka is almost dead.
The jackal misses you.
The jackal bites you but does no damage.
The giant cockroach bites you. The quokka misses you. The jackal bites you.
The jackal bites you but does no damage.
The quokka barely misses you.
The jackal bites you but does no damage.
The jackal bites you.
* * * LOW HITPOINT WARNING * * *
Casting: Necrotise (safe; 4% risk of failure)
Confirm with . or Enter, or press ? or * to list all spells.
Aiming: Necrotise (safe; 4% risk of failure)
Press: ? - help, Shift-Dir - straight line, f - quokka
Aim: a quokka (almost dead, chance to affect: 78%)
The quokka writhes in agony.
You kill the quokka!
The dead are hopping!
The jackal closely misses you. x2
The jackal attacks as you move away! The jackal bites you.
* * * LOW HITPOINT WARNING * * *
The giant cockroach attacks as you move away!
The giant cockroach closely misses you. Magic courses through your body.
The giant cockroach misses you. The jackal bites you.
* * * LOW HITPOINT WARNING * * *
The air fills with toxic fumes!
As you read the scroll labelled XAIPYWK XADEAC, it crumbles to dust.
It was a scroll of poison.
The jackal closely misses you.
The jackal bites you but does no damage.
The giant cockroach barely misses you. The jackal bites you.
* * * LOW HITPOINT WARNING * * *
Your quokka skeleton closely misses the jackal.
The jackal bites you.
You die...

§§§§§§§§§§§§
§§§§§§§§§§§. .
#§§§§§§§§##.
#§§§§§§§§§.
#§§§§§§§§#
#§§§§§§§§#
#§§§§h§§§#
#§§§ZBh@§#
#.#§§§§.§§§##.#
#§§§§§§§§§§§§§.
######§§§§###§§§
######§§§§# ##
.....§§§§§#####
#####§§§§§§....
#§§§§§§....
#..<.......


You could see 2 jackals, a giant cockroach and a friendly quokka skeleton.

Vanquished Creatures
  An adder (D:2)
  2 dart slugs (D:1)
  3 bats
  6 endoplasms
  A giant cockroach (D:1)
  2 goblins
  A hobgoblin (D:1)
  A jackal (D:3)
  2 quokkas
  A ball python (D:2)
  4 frilled lizards (D:1)
  5 kobolds
  3 rats (D:1)
32 creatures vanquished.

Notes
Turn   | Place    | Note
-------+----------+-------------------------------------------
     0 | D:1      | subawu the Ghoul Necromancer began the quest for the Orb.
     0 | D:1      | Reached XP level 1. HP: 14/14 MP: 2/2
   282 | D:1      | Reached XP level 2. HP: 17/20 MP: 3/3
  1601 | D:1      | Reached XP level 3. HP: 26/26 MP: 4/4
  1679 | D:1      | Learned a level 3 spell: Vampiric Draining
  1718 | D:2      | Found a faded altar of an unknown god.
  1933 | D:2      | Reached skill level 1 in Polearms
  2016 | D:2      | Upgraded the game from 0.31-a0-1-g4198be8af4 to
                  | 0.31-a0-4-gefa6de2278
  2846 | D:3      | Slain by a jackal

Illustrated notes

Levels and vault maps discovered:
D:1:      minmay_arrival_shattered_statue, layout_basic
D:2:      layout_loops_ring, chequers_ecumenical_altar_simple,
          chequers_serial_rivers_micro_a
D:3:      layout_basic, serial_shops, nicolae_shop_statue_plus,
          chequers_serial_rivers_small_3

Skill      XL: |  1  2  3 |
---------------+----------+-----
Polearms       | 1 |  1.4
Dodging        | 2 |  2.0
Fighting       | |  0.7
Stealth        | |  2.3
Spellcasting   | |  1.8
Necromancy     | |  4.5

Action                     || total
---------------------------++-------
  Melee: Club              ||    11
         Unarmed           ||     6
         Spear             ||   117
         Punch             ||     3
  Throw: Stone             ||     2
   Cast: Necrotise         ||     3
    Use: Scroll            ||     1
         Potion            ||     1
   Stab: Sleeping          ||     4
 Armour: Robe              ||    58
  Dodge: Dodged            ||   155

Table legend: (Time is in decaauts)
 A = Elapsed time spent in this place.
 B = Non-inter-level travel time spent in this place.
 C = Inter-level travel time spent in this place.
 D = Time resting spent in this place.
 E = Time spent auto-exploring this place.
 F = Levels seen in this place.
 G = Mean time per level.
                   A        B        C        D        E       F      G
               +--------+--------+--------+--------+--------+-----+--------+
         Total |   2858 |   2402 |    456 |    171 |      1 |   3 |  952.7 |
       Dungeon |   2858 |   2402 |    456 |    171 |      1 |   3 |  952.7 |
               +--------+--------+--------+--------+--------+-----+--------+

Top non-repeatable levels by time:
     D:1: 1688 daAuts
     D:2: 1137 daAuts
     D:3: 32 daAuts
